Workbook
Name \a: #REF!
Name \a: #REF!
Name \a: #REF!
Name \b: #REF!
Name \b: #REF!
Name \b: #REF!
Name \eliminar: [1]RESUM96!#REF!
Name \eliminar: [1]RESUM96!#REF!
Name \eliminar: [1]RESUM96!#REF!
Name \eliminar1: [1]RESUM96!#REF!
Name \eliminar1: [1]RESUM96!#REF!
Name \eliminar1: [1]RESUM96!#REF!
Name \q: #REF!
Name \q: #REF!
Name \q: #REF!
Name _______________EST1: #REF!
Name _______________EST1: #REF!
Name _______________EST1: #REF!
Name _______________EST10: #REF!
Name _______________EST10: #REF!
Name _______________EST10: #REF!
Name _______________EST11: #REF!
Name _______________EST11: #REF!
Name _______________EST11: #REF!
Name _______________EST12: #REF!
Name _______________EST12: #REF!
Name _______________EST12: #REF!
Name _______________EST13: #REF!
Name _______________EST13: #REF!
Name _______________EST13: #REF!
Name _______________EST14: #REF!
Name _______________EST14: #REF!
Name _______________EST14: #REF!
Name _______________EST15: #REF!
Name _______________EST15: #REF!
Name _______________EST15: #REF!
Name _______________EST16: #REF!
Name _______________EST16: #REF!
Name _______________EST16: #REF!
Name _______________EST17: #REF!
Name _______________EST17: #REF!
Name _______________EST17: #REF!
Name _______________EST18: #REF!
Name _______________EST18: #REF!
Name _______________EST18: #REF!
Name _______________EST19: #REF!
Name _______________EST19: #REF!
Name _______________EST19: #REF!
Name _______________EST2: #REF!
Name _______________EST2: #REF!
Name _______________EST2: #REF!
Name _______________EST3: #REF!
Name _______________EST3: #REF!
Name _______________EST3: #REF!
Name _______________EST4: #REF!
Name _______________EST4: #REF!
Name _______________EST4: #REF!
Name _______________EST5: #REF!
Name _______________EST5: #REF!
Name _______________EST5: #REF!

Sheet PRESUPUESTO
D1: PRESUPUESTO DE OBRA
A2: OBRA: | B2: "CONTRATAR EL SUMINISTRO E INSTALACION DE 2 GIMNASIOS BIOSALUDABLES Y 2 PARQUES INFANTILES PARA EL MEJORAMIENTO DE LOS ESCENARIOS DEPORTIVOS EN EL MUNICIPIO DE CHINCHINÁ- CALDAS” | G2: FECHA: | H2: 45030
A4: ITEM | B4: DESCRIPCION | E4: UND | F4: CANT. | G4: VR. UNIT | H4: VR.TOTAL
A6: 1 | B6: PRELIMINARES | H6: =ROUND(SUM(H8:H11),0) -> 9011009
A8: =+APU!A8 -> 1.1 | B8: =+APU!B8 -> SUMINISTRO, TRANSPORTE E INSTALACIÓN CERRAMIENTO EN YUTE H= 2 M | E8: =+APU!D8 -> ML | F8: =+CANTIDADES!G6 -> 140 | G8: =+APU!G8 -> 11666 | H8: =ROUND(F8*G8,0) -> 1633240
A9: =+APU!A17 -> 1.2 | B9: =+APU!B17 -> ROCERIA Y LIMPIEZA | E9: =+APU!D17 -> M2 | F9: =+CANTIDADES!G12 -> 1800 | G9: =+APU!G17 -> 2307 | H9: =ROUND(F9*G9,0) -> 4152600
A10: =+APU!A25 -> 1.3 | B10: =+APU!B25 -> DESCAPOTE Y NIVELACION MANUAL e=0.10 m | E10: =+APU!D25 -> M2 | F10: =+CANTIDADES!G20 -> 418 | G10: =+APU!G25 -> 6991 | H10: =ROUND(F10*G10,0) -> 2922238
A11: =+APU!A33 -> 1.4 | B11: =APU!B33 -> EXCAVACION EN MATERIAL COMUN DE 0.0 A 0.50 M | E11: =+APU!D33 -> M3 | F11: =+CANTIDADES!G28 -> 15.813096 | G11: =APU!G33 -> 19157 | H11: =ROUND(F11*G11,0) -> 302931
A13: 2 | B13: CIMENTACION EQUIPOS | H13: =ROUND(SUM(H15:H23),0) -> 20463129
A15: =+APU!A43 -> 2.1 | B15: =APU!B43 -> SUMINISTRO, TRANSPORTE E INSTALACION RELLENO EN AFIRMADO COMPACTADO | E15: =+APU!D43 -> M3 | F15: =+CANTIDADES!G47 -> 7.5398224 | G15: =APU!G43 -> 113436 | H15: =ROUND(F15*G15,0) -> 855287
A16: =+APU!A52 -> 2.2 | B16: =APU!B52 -> SUMINISTRO, TRANSPORTE E INSTALACION PLACA CONTRAPISO EN CONCRETO 3000 PSI E=0.10 M. | E16: =+APU!D52 -> M2 | F16: =+CANTIDADES!G55 -> 50.265482 | G16: =+APU!G52 -> 123373 | H16: =ROUND(F16*G16,0) -> 6201403
A17: =+APU!A65 -> 2.3 | B17: =+APU!B65 -> SUMINISTRO, TRANSPORTE E INSTALACION MALLA ELECTROSOLDADA M-221 Q-6 F 6.5mm c/.15m en ambos sentidos (Incluye alambre negro, colocación y traslapo). | E17: =+APU!D65 -> M2 | F17: =+CANTIDADES!G61 -> 50.265482 | G17: =+APU!G65 -> 20236 | H17: =ROUND(F17*G17,0) -> 1017172
A18: =+APU!A74 -> 2.4 | B18: =+APU!B74 -> SUMINISTRO, TRANSPORTE E INSTALACION PINTURA TIPO TRAFICO COLOR AMARILLO, AZUL, BLANCO, ROJO, VERDE O NEGRO (INCLUYE IMPRIMANTE) | E18: =+APU!D74 -> M2 | F18: =+CANTIDADES!G67 -> 50.265482 | G18: =+APU!G74 -> 44614 | H18: =ROUND(F18*G18,0) -> 2242544
A19: =+APU!A85 -> 2.5 | B19: =+APU!B85 -> SUMINISTRO, TRANSPORTE E INSTALACION SOLADO DE LIMPIEZA 2.000 PSI e = 7 cm | E19: =+APU!D85 -> M2 | F19: =+CANTIDADES!G73 -> 0.6048 | G19: =+APU!G85 -> 26755 | H19: =ROUND(F19*G19,0) -> 16181
A20: =+APU!A92 -> 2.6 | B20: =+APU!B92 -> SUMINISTRO, TRANSPORTE E INSTALACION DADOS EN CONCRETO REFORZADO 3000 PSI PARA ANCLAJE DE EQUIPOS | E20: =+APU!D92 -> M3 | F20: =+CANTIDADES!G84 -> 5.76 | G20: =+APU!G92 -> 348436 | H20: =ROUND(F20*G20,0) -> 2006991
A21: =+APU!A107 -> 2.7 | B21: =+APU!B107 -> LIMPIEZA DE DRENES Y FILTROS | E21: =+APU!D107 -> ML | F21: 55 | G21: =+APU!G107 -> 6498 | H21: =ROUND(F21*G21,0) -> 357390
A22: =+APU!A114 -> 2.8 | B22: =+APU!B114 -> SUMINISTRO, TRANSPORTE E INSTALACION TAPA EN CONCRETO 85CMX35CM | E22: =+APU!D114 -> UND | F22: 25 | G22: =+APU!G114 -> 67693 | H22: =ROUND(F22*G22,0) -> 1692325
A23: =+APU!A124 -> 2.9 | B23: =+APU!B124 -> SUMINISTRO E INSTALACIÓN DE BASURERA PIVOTANTE EN ACERO INOXIDABLE TIPO EXTERIOR. INSTALACIÓN A TODO COSTO. | E23: =+APU!D124 -> UND | F23: 6 | G23: =+APU!G124 -> 1012306 | H23: =ROUND(F23*G23,0) -> 6073836
A25: 3 | B25: EQUIPOS BIOSALUDABLES | H25: =ROUND(SUM(H27:H34),0) -> 43150756
A27: 3.1 | B27: SUMINISTRO, TRANSPORTE E INSTALACIÓN EQUIPO DE BARRAS PARALELAS. | E27: UN | F27: 2 | G27: 2341112 | H27: =F27*G27 -> 4682224 | J27: =+(3485625+2095900+1441813)/3 -> 2341112.7
A28: 3.2 | B28: SUMINISTRO, TRANSPORTE E INSTALACIÓN EQUIPO PONY. | E28: UN | F28: 2 | G28: 3121039 | H28: =F28*G28 -> 6242078 | J28: =+(5362500+2155500+1845117)/3 -> 3121039
A29: 3.3 | B29: SUMINISTRO, TRANSPORTE E INSTALACIÓN EQUIPO DE PRESS DE PIERNA DOBLE | E29: UN | F29: 2 | G29: 3241503 | H29: =F29*G29 -> 6483006 | J29: =+(5362500+2395900+1966109)/3 -> 3241503
A30: 3.4 | B30: SUMINISTRO, TRANSPORTE E INSTALACIÓN EQUIPO DE ELIPTICA | E30: UN | F30: 2 | G30: 3254502 | H30: =F30*G30 -> 6509004 | J30: =+(5541250+2225900+1996357)/3 -> 3254502.3
A31: 3.5 | B31: SUMINISTRO, TRANSPORTE E INSTALACIÓN SUMINISTRO EQUIPO DE TWISTER | E31: UN | F31: 2 | G31: 3091381 | H31: =F31*G31 -> 6182762 | J31: =+(5273125+2155900+1845117)/3 -> 3091380.7
A32: 3.6 | B32: SUMINISTRO, TRANSPORTE E INSTALACIÓN EQUIPO DOBLE SWINGER - SURF | E32: UN | F32: 2 | G32: 3100922 | H32: =F32*G32 -> 6201844 | J32: =+(5183750+2273900+1845117)/3 -> 3100922.3
A33: 3.7 | B33: SUMINISTRO, TRANSPORTE E INSTALACIÓN EQUIPO VOLANTES DOBLES | E33: UN | F33: 2 | G33: 2490149 | H33: =F33*G33 -> 4980298 | J33: =+(3789500+1795500+1885448)/3 -> 2490149.3
A34: 3.8 | B34: SUMINISTRO, TRANSPORTE E INSTALACIÓN VALLA INSTRUCTIVA | E34: UN | F34: 2 | G34: 934770 | H34: =F34*G34 -> 1869540
A36: 4 | B36: PARQUES INFANTILES | H36: =ROUND(SUM(H38:H38),0) -> 30917630
A38: 4.1 | B38: SUMINISTRO, TRANSPORTE E INSTALACIÓN DE PARQUE METALICO COMPLETO | E38: UN | F38: 2 | G38: 15458815 | H38: =F38*G38 -> 30917630 | J38: =+(22347413+8570217)/2 -> 15458815
B41: VALOR COSTOS DIRECTOS | H41: =H6+H13+H25+H36 -> 103542524
B43: COSTOS INDIRECTOS
B44: ADMINISTRACION | G44: 0.283 | H44: =ROUND(H41*G44,0) -> 29302534
B45: UTILIDAD | G45: 0.05 | H45: =ROUND(H41*G45,0) -> 5177126
B46: TOTAL AU | G46: =SUM(G44:G45) -> 0.333 | H46: =SUM(H44:H45) -> 34479660
B48: VALOR TOTAL | H48: =+H46+H41 -> 138022184
E51: PLAZO DE ENTREGA: (DIAS CALENDARIO) | H51: 45

Sheet APU
A1: ANÁLISIS DE PRECIOS UNITARIOS
A2: OBRA: | B2: =+PRESUPUESTO!B2 -> "CONTRATAR EL SUMINISTRO E INSTALACION DE 2 GIMNASIOS BIOSALUDABLES Y 2 PARQUES INFANTILES PARA EL MEJORAMIENTO DE LOS ESCENARIOS DEPORTIVOS EN EL MUNICIPIO DE CHINCHINÁ- CALDAS” | F2: FECHA: | G2: =+PRESUPUESTO!H2 -> 45030
A4: 1. PRELIMINARES | B4: =+PRESUPUESTO!B6 -> PRELIMINARES
A7: CODIGO | B7: INSUMO | C7: TIPO | D7: UNIDAD | E7: REND | F7: UNITARIO | G7: TOTAL
A8: 1.1 | B8: SUMINISTRO, TRANSPORTE E INSTALACIÓN CERRAMIENTO EN YUTE H= 2 M | C8: Actividad | D8: ML | G8: =ROUND(SUM(G9:G13),0) -> 11666
B9: CUADRILLA TIPO 1 (1 OFICIAL + 1 AYUDANTE) | C9: Cuadrilla | D9: HR | E9: 0.16 | F9: 22217 | G9: =+ROUND(E9*F9,0) -> 3555
B10: PUNTILLA CON CABEZA 2" | C10: Insumo | D10: LB | E10: 0.2 | F10: 4283 | G10: =+ROUND(E10*F10,0) -> 857
B11: GUADUA CEPA DE 5 VARAS | C11: Insumo | D11: UND | E11: 0.35 | F11: 8353 | G11: =+ROUND(E11*F11,0) -> 2924
B12: FIBRA PARA CERRAMIENTO PROVISIONAL H=2,1M | C12: Insumo | D12: M | E12: 1 | F12: 3770 | G12: =+ROUND(E12*F12,0) -> 3770
B13: EQUIPO BASICO (HERRAMIENTA MENOR) | C13: Herramienta | D13: UND | E13: 0.16 | F13: 3501 | G13: =+ROUND(E13*F13,0) -> 560
A16: CODIGO | B16: INSUMO | C16: TIPO | D16: UNIDAD | E16: REND | F16: UNITARIO | G16: TOTAL
A17: 1.2 | B17: ROCERIA Y LIMPIEZA | C17: Actividad | D17: M2 | G17: =ROUND(SUM(G18:G21),0) -> 2307
B18: CUADRILLA TIPO 1 (1 OFICIAL + 1 AYUDANTE) | C18: Cuadrilla | D18: HR | E18: 0.07 | F18: 22217 | G18: =+ROUND(E18*F18,0) -> 1555
B19: VOLQUETA 6M3 (CARGUE A MANO) | C19: Equipos | D19: VJE | E19: 0.003 | F19: 141086 | G19: =+ROUND(E19*F19,0) -> 423
B20: EQUIPO BASICO (HERRAMIENTA MENOR) | C20: Herramienta | D20: UND | E20: 0.07 | F20: 3501 | G20: =+ROUND(E20*F20,0) -> 245
B21: ACARREO INTERNO | C21: Insumo | D21: UND | E21: 0.053 | F21: 1584 | G21: =+ROUND(E21*F21,0) -> 84
A24: CODIGO | B24: INSUMO | C24: TIPO | D24: UNIDAD | E24: REND | F24: UNITARIO | G24: TOTAL
A25: 1.3 | B25: DESCAPOTE Y NIVELACION MANUAL e=0.10 m | C25: Actividad | D25: M2 | G25: =ROUND(SUM(G26:G29),0) -> 6991
B26: CUADRILLA TIPO 1 (1 OFICIAL + 1 AYUDANTE) | C26: Cuadrilla | D26: HR | E26: 0.25 | F26: 22217 | G26: =+ROUND(E26*F26,0) -> 5554
B27: VOLQUETA 6M3 (CARGUE A MANO) | C27: Equipos | D27: VJE | E27: 0.001 | F27: 141086 | G27: =+ROUND(E27*F27,0) -> 141
B28: EQUIPO BASICO (HERRAMIENTA MENOR) | C28: Herramienta | D28: UND | E28: 0.25 | F28: 3501 | G28: =+ROUND(E28*F28,0) -> 875
B29: ACARREO INTERNO | C29: Insumo | D29: UND | E29: 0.266 | F29: 1584 | G29: =+ROUND(E29*F29,0) -> 421
A32: CODIGO | B32: INSUMO | C32: TIPO | D32: UNIDAD | E32: REND | F32: UNITARIO | G32: TOTAL
A33: 1.4 | B33: EXCAVACION EN MATERIAL COMUN DE 0.0 A 0.50 M | C33: Actividad | D33: M3 | G33: =G34+G35 -> 19157
B34: CUADRILLA TIPO 2 (1 OFICIAL + 2 AYUDANTES) | C34: Cuadrilla | D34: HR | E34: 0.6 | F34: 30762 | G34: =+ROUND(E34*F34,0) -> 18457
B35: EQUIPO BASICO (HERRAMIENTA MENOR) | C35: Herramienta | D35: UND | E35: 0.2 | F35: 3501 | G35: =+ROUND(E35*F35,0) -> 700
A39: 2. CIMENTACION EQUIPOS | B39: =+PRESUPUESTO!B13 -> CIMENTACION EQUIPOS
A42: CODIGO | B42: INSUMO | C42: TIPO | D42: UNIDAD | E42: REND | F42: UNITARIO | G42: TOTAL
A43: 2.1 | B43: SUMINISTRO, TRANSPORTE E INSTALACION RELLENO EN AFIRMADO COMPACTADO | C43: Actividad | D43: M3 | G43: =ROUND(SUM(G44:G48),1) -> 113436
B44: EQUIPO BASICO ( HERRAMIENTA MENOR ) | C44: Herramienta | D44: und | E44: 0.5 | F44: 3501 | G44: =ROUND(E44*F44,0) -> 1751
B45: CUADRILLA TIPO 3 (1 OFICIAL + 3 AYUDANTES) | C45: Mano de Obra | D45: hr | E45: 0.3 | F45: 39307 | G45: =ROUND(E45*F45,0) -> 11792
B46: AFIRMADO NORMA INVIAS | C46: Insumo | D46: m3 | E46: 1.3 | F46: 60193 | G46: =ROUND(E46*F46,0) -> 78251
B47: VIBROCOMPACTADOR TIPO RANA | C47: Equipo | D47: dia | E47: 0.4 | F47: 51731 | G47: =ROUND(E47*F47,0) -> 20692
B48: ACARREO INTERNO | C48: Mano de Obra | D48: und | E48: 0.6 | F48: 1584 | G48: =ROUND(E48*F48,0) -> 950
A51: CODIGO | B51: INSUMO | C51: TIPO | D51: UNIDAD | E51: REND | F51: UNITARIO | G51: TOTAL
A52: 2.2 | B52: SUMINISTRO, TRANSPORTE E INSTALACION PLACA CONTRAPISO EN CONCRETO 3000 PSI E=0.10 M. | C52: Actividad | D52: M2 | G52: =ROUND(SUM(G53:G61),1) -> 123373
B53: CONCRETO 3000 psi - 21 Mpa | C53: Analisis | D53: M3 | E53: 0.152 | F53: 506683 | G53: =ROUND(F53*E53,0) -> 77016
B54: CUADRILLA TIPO 6 ( 1 OFICIAL + 6 AYUDANTES) | C54: Cuadrilla | D54: HR | E54: 0.5 | F54: 64942 | G54: =ROUND(F54*E54,0) -> 32471
B55: EQUIPO DE TRANSPORTE | C55: Equipos | D55: DIA | E55: 0.011 | F55: 156761 | G55: =ROUND(F55*E55,0) -> 1724
B56: VIBRADOR A GASOLINA | C56: Equipos | D56: DIA | E56: 0.007 | F56: 62065 | G56: =ROUND(F56*E56,0) -> 434
B57: EQUIPO BASICO (HERRAMIENTA MENOR) | C57: Herramienta | D57: UND | E57: 0.03 | F57: 3501 | G57: =ROUND(F57*E57,0) -> 105
B58: ACARREO INTERNO | C58: Insumo | D58: UND | E58: 1.4 | F58: 1584 | G58: =ROUND(F58*E58,0) -> 2218
B59: PUNTILLA CON CABEZA 2" | C59: Insumo | D59: LB | E59: 0.03 | F59: 4283 | G59: =ROUND(F59*E59,0) -> 128
B60: LISTON 2 X 4 | C60: Insumo | D60: M | E60: 1 | F60: 3875 | G60: =ROUND(F60*E60,0) -> 3875
B61: TABLA CHAPA ORDINARIO 30 CM X 2 CM X 3 M. | C61: Insumo | D61: UND | E61: 0.33 | F61: 16371 | G61: =ROUND(F61*E61,0) -> 5402
A64: CODIGO | B64: INSUMO | C64: TIPO | D64: UNIDAD | E64: REND | F64: UNITARIO | G64: TOTAL
A65: 2.3 | B65: SUMINISTRO, TRANSPORTE E INSTALACION MALLA ELECTROSOLDADA M-221 Q-6 F 6.5mm c/.15m en ambos sentidos (Incluye alambre negro, colocación y traslapo). | C65: Actividad | D65: M2 | G65: =ROUND(SUM(G66:G70),0) -> 20236
B66: CUADRILLA TIPO 2 (1 OFICIAL + 2 AYUDANTES) | C66: Cuadrilla | D66: HR | E66: 0.15 | F66: 30762 | G66: =ROUND(E66*F66,0) -> 4614
B67: EQUIPO DE TRANSPORTE | C67: Equipos | D67: DIA | E67: 0.0019 | F67: 156761 | G67: =ROUND(E67*F67,0) -> 298
B68: MALLA ELECTROSOLDADA M-221 Q-6 6.5 MM 15 X 15 CM. | C68: Insumo | D68: KG | E68: 4 | F68: 3770 | G68: =ROUND(E68*F68,0) -> 15080
B69: ACARREO INTERNO | C69: Insumo | D69: UND | E69: 0.053 | F69: 1584 | G69: =ROUND(E69*F69,0) -> 84
B70: ALAMBRE NEGRO NO. 18 | C70: Insumo | D70: KG | E70: 0.031 | F70: 5167 | G70: =ROUND(E70*F70,0) -> 160
A73: CODIGO | B73: INSUMO | C73: TIPO | D73: UNIDAD | E73: REND | F73: UNITARIO | G73: TOTAL
A74: 2.4 | B74: SUMINISTRO, TRANSPORTE E INSTALACION PINTURA TIPO TRAFICO COLOR AMARILLO, AZUL, BLANCO, ROJO, VERDE O NEGRO (INCLUYE IMPRIMANTE) | C74: Actividad | D74: M2 | G74: =ROUND(SUM(G75:G80),0) -> 44614
B75: EQUIPO BASICO ( HERRAMIENTA MENOR ) | C75: Herramienta | D75: UND | E75: 0.6 | F75: 3501 | G75: =ROUND(E75*F75,0) -> 2101
B76: CUADRILLA CC TIPO 1 (1 OFICIAL + 1 AYUDANTE) (Pintura) | C76: Mano de Obra | D76: HR | E76: 0.6 | F76: 25550 | G76: =ROUND(E76*F76,0) -> 15330
B77: IMPRIMANTE A BASE DE RECINA ACRILICA, BASE SOLVENTE PARA DEMARCACION | C77: Insumo | D77: m2 | E77: 1 | F77: 8743 | G77: =ROUND(E77*F77,0) -> 8743
B78: PINTURA ACRILICA PARA TRAFICO TIPO PINTUCO (PINTUTRÁFICO) O SIMILAR - COLORES: AMARILLO, AZUL, BLANCO, ROJO, VERDE O NEGRO, SEGÚN DISEÑO. | C78: Insumo | D78: GAL | E78: 0.1 | F78: 143513 | G78: =ROUND(E78*F78,0) -> 14351
B79: ACARREO INTERNO | C79: Insumo | D79: UND | E79: 0.8 | F79: 1584 | G79: =ROUND(E79*F79,0) -> 1267
B80: EQUIPO DE TRANSPORTE | C80: Equipo | D80: DIA | E80: 0.018 | F80: 156761 | G80: =ROUND(E80*F80,0) -> 2822
A84: CODIGO | B84: INSUMO | C84: TIPO | D84: UNIDAD | E84: REND | F84: UNITARIO | G84: TOTAL
A85: 2.5 | B85: SUMINISTRO, TRANSPORTE E INSTALACION SOLADO DE LIMPIEZA 2.000 PSI e = 7 cm | C85: Actividad | D85: M2 | G85: =ROUND(SUM(G86:G88),0) -> 26755
B86: CUADRILLA TIPO 3 (1 OFICIAL + 3 AYUDANTES) | C86: Mano de Obra | D86: hr | E86: 0.13 | F86: 39307 | G86: =ROUND(E86*F86,0) -> 5110
B87: EQUIPO BASICO (HERRAMIENTA MENOR) | C87: Herramienta | D87: UND | E87: 0.25 | F87: 3501 | G87: =ROUND(E87*F87,0) -> 875
B88: CONCRETO 2000 PSI -14 MPA | C88: Insumo | D88: M3 | E88: 0.051 | F88: 407259 | G88: =ROUND(E88*F88,0) -> 20770
A91: CODIGO | B91: INSUMO | C91: TIPO | D91: UNIDAD | E91: REND | F91: UNITARIO | G91: TOTAL
A92: 2.6 | B92: SUMINISTRO, TRANSPORTE E INSTALACION DADOS EN CONCRETO REFORZADO 3000 PSI PARA ANCLAJE DE EQUIPOS | C92: Actividad | D92: M3 | G92: =ROUND(SUM(G93:G102),0) -> 348436
B93: CONCRETO 3000 psi - 21 Mpa | C93: Analisis | D93: M3 | E93: 0.48 | F93: 506683 | G93: =ROUND(F93*E93,0) -> 243208
B94: CUADRILLA TIPO 6 ( 1 OFICIAL + 6 AYUDANTES) | C94: Cuadrilla | D94: HR | E94: 0.5 | F94: 64942 | G94: =ROUND(F94*E94,0) -> 32471
B95: ACERO DE REFUERZO 6000 PSI | C95: Analisis | D95: KG | E95: 6.8 | F95: 5800 | G95: =ROUND(F95*E95,0) -> 39440
B96: EQUIPO DE TRANSPORTE | C96: Equipos | D96: DIA | E96: 0.11 | F96: 156761 | G96: =ROUND(F96*E96,0) -> 17244
B97: VIBRADOR A GASOLINA | C97: Equipos | D97: DIA | E97: 0.07 | F97: 62065 | G97: =ROUND(F97*E97,0) -> 4345
B98: EQUIPO BASICO (HERRAMIENTA MENOR) | C98: Herramienta | D98: UND | E98: 0.03 | F98: 3501 | G98: =ROUND(F98*E98,0) -> 105
B99: ACARREO INTERNO | C99: Insumo | D99: UND | E99: 1.4 | F99: 1584 | G99: =ROUND(F99*E99,0) -> 2218
B100: PUNTILLA CON CABEZA 2" | C100: Insumo | D100: LB | E100: 0.03 | F100: 4283 | G100: =ROUND(F100*E100,0) -> 128
B101: LISTON 2 X 4 | C101: Insumo | D101: M | E101: 1 | F101: 3875 | G101: =ROUND(F101*E101,0) -> 3875
B102: TABLA CHAPA ORDINARIO 30 CM X 2 CM X 3 M. | C102: Insumo | D102: UND | E102: 0.33 | F102: 16371 | G102: =ROUND(F102*E102,0) -> 5402
A106: CODIGO | B106: INSUMO | C106: TIPO | D106: UNIDAD | E106: REND | F106: UNITARIO | G106: TOTAL
A107: 2.7 | B107: LIMPIEZA DE DRENES Y FILTROS | C107: Actividad | D107: ML | G107: =ROUND(SUM(G108:G110),0) -> 6498
B108: AYUDANTE (ALBAÑILERIA) | C108: Cuadrilla | D108: HR | E108: 0.5 | F108: 8545 | G108: =ROUND(E108*F108,0) -> 4273
B109: EQUIPO BASICO (HERRAMIENTA MENOR) | C109: Herramienta | D109: UND | E109: 0.5 | F109: 3501 | G109: =ROUND(F109*E109,0) -> 1751
B110: COSTAL | C110: Insumo | D110: M3 | E110: 0.5 | F110: 948 | G110: =ROUND(E110*F110,0) -> 474
A113: CODIGO | B113: INSUMO | C113: TIPO | D113: UNIDAD | E113: REND | F113: UNITARIO | G113: TOTAL
A114: 2.8 | B114: SUMINISTRO, TRANSPORTE E INSTALACION TAPA EN CONCRETO 85CMX35CM | C114: Actividad | D114: UND | G114: =ROUND(SUM(G115:G120),0) -> 67693
B115: CUADRILLA AA TIPO 1 (1 OFICIAL + 1 AYUDANTE) (Albañileria) | C115: Cuadrilla | D115: HR | E115: 0.3 | F115: 22217 | G115: =ROUND(E115*F115,0) -> 6665
B116: EQUIPO DE TRANSPORTE | C116: Equipos | D116: DIA | E116: 0.001 | F116: 138578 | G116: =ROUND(E116*F116,0) -> 139
B117: EQUIPO BASICO (HERRAMIENTA MENOR) | C117: Herramienta | D117: UND | E117: 0.02 | F117: 2679 | G117: =ROUND(E117*F117,0) -> 54
B118: ACARREO INTERNO | C118: Insumo | D118: UND | E118: 4 | F118: 1402 | G118: =ROUND(E118*F118,0) -> 5608
B119: CEMENTO BLANCO | C119: Insumo | D119: KG | E119: 0.1 | F119: 2273 | G119: =ROUND(E119*F119,0) -> 227
B120: REJILLA SUMIDERO PLAQUETA A=35 CM. L=85 CM. E=6 CM. REF. P40402 TIPO TITAN O SIMILAR | C120: Insumo | D120: UND | E120: 1 | F120: 55000 | G120: =ROUND(E120*F120,0) -> 55000
A123: CODIGO | B123: INSUMO | C123: TIPO | D123: UNIDAD | E123: REND | F123: UNITARIO | G123: TOTAL
A124: 2.9 | B124: SUMINISTRO E INSTALACIÓN DE BASURERA PIVOTANTE EN ACERO INOXIDABLE TIPO EXTERIOR. INSTALACIÓN A TODO COSTO. | C124: Actividad | D124: UND | G124: =+G125 -> 1012306
B125: SUMINISTRO E INSTALACIÓN DE BASURERA PIVOTANTE EN ACERO INOXIDABLE TIPO EXTERIOR. INSTALACIÓN A TODO COSTO. | C125: Insumo | D125: UND | E125: 1 | F125: 1012306 | G125: =ROUND(E125*F125,0) -> 1012306

Sheet AU
A1: ANÁLISIS DE ADMINISTRACIÓN Y UTILIDAD (AU)
A2: OBRA: | B2: =+PRESUPUESTO!B2 -> "CONTRATAR EL SUMINISTRO E INSTALACION DE 2 GIMNASIOS BIOSALUDABLES Y 2 PARQUES INFANTILES PARA EL MEJORAMIENTO DE LOS ESCENARIOS DEPORTIVOS EN EL MUNICIPIO DE CHINCHINÁ- CALDAS” | I2: FECHA: | J2: =+PRESUPUESTO!H2 -> 45030
A3: ANALISIS DEL AUI
A5: VALOR DE LOS COSTOS DIRECTOS | E5: =+PRESUPUESTO!H41 -> 103542524
A6: DURACIÓN DE LA EJECUCIÓN DE LA OBRA | D6: 1.5 | E6: MESES
A7: AU CALCULADO | E7: 0.283
A9: No. | B9: COSTOS ADMINISTRATIVOS | C9: UNIDAD | D9: CANTIDAD | E9: VALOR MENSUAL $ | F9: FACTOR PRESTACIONAL | G9: DEDICACIÓN MENSUAL % | H9: MESES | I9: VALOR PARCIAL $ | J9: % SOBRE COSTOS DIRECTOS
A10: 1 | B10: PERSONAL PROFESIONAL | I10: =SUM(I11:I12) -> 7163290 | J10: =SUM(J11:J12) -> 0.069182107
A11: 1.1 | B11: Profesional en Ingenieria Civil | C11: un | D11: 1 | E11: 3800000 | F11: =+'FACTOR PRESTACIONAL'!$C$27 -> 0.64673333 | G11: 0.5 | H11: =+D6 -> 1.5 | I11: =(E11*(100%+F11)*G11)*H11 -> 4693190 | J11: =+I11/$E$5 -> 0.045326208
A12: 1.4 | B12: Residente de Salud Ocupacional | C12: un | D12: 1 | E12: 2000000 | F12: =+'FACTOR PRESTACIONAL'!$C$27 -> 0.64673333 | G12: 0.5 | H12: =+D6 -> 1.5 | I12: =(E12*(100%+F12)*G12)*H12 -> 2470100 | J12: =+I12/$E$5 -> 0.023855899
A13: 2 | B13: GASTOS DE OFICINA, PAPELERIA Y OTROS | I13: =SUM(I14:I14) -> 300000 | J13: =SUM(J14:J14) -> 0.0028973603
A14: 2.1 | B14: Papelería, tinta, fotocopias y otros | C14: mes | D14: 1 | E14: 200000 | H14: =+D6 -> 1.5 | I14: =+H14*E14*D14 -> 300000 | J14: =+I14/$E$5 -> 0.0028973603
A16: 3 | B16: GASTOS DE LEGALIZACIÓN CON BASE AL COSTO TOTAL DEL CONTRATO DE OBRA | I16: =SUM(I17:I26) -> 21752296 | J16: =SUM(J17:J26) -> 0.1567608
A17: 3.1 | B17: Póliza de cumplimiento | C17: % | D17: 0.0002 | E17: =+PRESUPUESTO!$H$48 -> 138022184 | I17: =+E17*D17 -> 27604.437 | J17: =+I17/$E$5 -> 0.0002666
A18: =A17+0.1 -> 3.2 | B18: Póliza de estabilidad de obra | C18: % | D18: 0.0012 | E18: =+PRESUPUESTO!$H$48 -> 138022184 | I18: =+E18*D18 -> 165626.62 | J18: =+I18/$E$5 -> 0.0015996
A19: =A18+0.1 -> 3.3 | B19: Póliza de salarios, prestaciones de servicio e indemnizaciones | C19: % | D19: 0.0002 | E19: =+PRESUPUESTO!$H$48 -> 138022184 | I19: =+E19*D19 -> 27604.437 | J19: =+I19/$E$5 -> 0.0002666
A20: =A19+0.1 -> 3.4 | B20: Póliza de responsabilidad civil | C20: % | D20: 0.001 | E20: =+PRESUPUESTO!$H$48 -> 138022184 | I20: =+E20*D20 -> 138022.18 | J20: =+I20/$E$5 -> 0.001333
B21: Estampilla Pro-Anciano | C21: % | D21: 0.04 | E21: =+PRESUPUESTO!$H$48 -> 138022184 | I21: =+E21*D21 -> 5520887.4
A22: =A20+0.1 -> 3.5 | B22: Estampilla Pro-Deporte | C22: % | D22: 0.015 | E22: =+PRESUPUESTO!$H$48 -> 138022184 | I22: =+E22*D22 -> 2070332.8 | J22: =+I22/$E$5 -> 0.019995
A23: =A22+0.1 -> 3.6 | B23: Estampilla Pro-Cultura | C23: % | D23: 0.02 | E23: =+PRESUPUESTO!$H$48 -> 138022184 | I23: =+E23*D23 -> 2760443.7 | J23: =+I23/$E$5 -> 0.02666
A24: =A23+0.1 -> 3.7 | B24: Impuesto contratos de obra pública (municipio) | C24: % | D24: 0.05 | E24: =+PRESUPUESTO!$H$48 -> 138022184 | I24: =+E24*D24 -> 6901109.2 | J24: =+I24/$E$5 -> 0.06665
A25: =A24+0.1 -> 3.8 | B25: Impuesto industria y comercio | C25: % | D25: 0.01 | E25: =+PRESUPUESTO!$H$48 -> 138022184 | I25: =+E25*D25 -> 1380221.8 | J25: =+I25/$E$5 -> 0.01333
A26: =A25+0.1 -> 3.9 | B26: Retención en la fuente | C26: % | D26: 0.02 | E26: =+PRESUPUESTO!$H$48 -> 138022184 | I26: =+E26*D26 -> 2760443.7 | J26: =+I26/$E$5 -> 0.02666
A27: A | B27: ADMINISTRACIÓN (CALCULADA) | I27: =+I10+I13+I16 -> 29215586 | J27: =+I27/$E$5 -> 0.28216027
A28: A | B28: ADMINISTRACIÓN (USADA) | I28: =ROUND(E5*J28,2) -> 29302534 | J28: 0.283
A29: U | B29: UTILIDAD | I29: =+ROUND(J29*E5,2) -> 5177126.2 | J29: 0.05
B30: TOTAL COSTOS INDIRECTOS | I30: =SUM(I28:I29) -> 34479660 | J30: =SUM(J28:J29) -> 0.333

Sheet FACTOR PRESTACIONAL
A2: DATOS BASICOS 2022 | B2: DIAS DEL AÑO | E2: 365
B3: SUBSIDIO TRANSPORTE | E3: 140606
B4: SALARIO MINIMO LEGAL MENSUAL VIGENTE | E4: 1160000
B5: SALARIO ANUAL | E5: =E4*12 -> 13920000
B6: SALARIO ANUAL+ SUB. TRANSPORTE | E6: =+E5+(E3*12) -> 15607272
A8: PRESTACIONES | B8: RIESGO ALTO | D8: RIESGO BAJO
B9: Menos de 2 SMMLV | C9: Más de 2 SMMLV | D9: Menos de 2 SMMLV | E9: Más de 2 SMMLV
A10: Cesantía anual | B10: =E4/E5 -> 0.083333333 | C10: =E4/E5 -> 0.083333333 | D10: =E4/E5 -> 0.083333333 | E10: =E4/E5 -> 0.083333333
A11: Intereses de cesantía | B11: =E4*0.12/E5 -> 0.01 | C11: =(E4*12)*0.12/(E5*12) -> 0.01 | D11: =E4*0.12/E5 -> 0.01 | E11: =(E4*12)*0.12/(E5*12) -> 0.01
A12: Vacaciones - 15 días | B12: =E4*0.5/E5 -> 0.041666667 | C12: =(E4*2)*0.5/ (E5*2) -> 0.041666667 | D12: =E4*0.5/E5 -> 0.041666667 | E12: =(E4*2)*0.5/ (E5*2) -> 0.041666667
A13: Prima - 30 días | B13: =($E$4)/$E$5 -> 0.083333333 | C13: =($E$4)/$E$5 -> 0.083333333 | D13: =($E$4)/$E$5 -> 0.083333333 | E13: =($E$4)/$E$5 -> 0.083333333
A14: OTROS COSTOS
A15: Dotación y Seg Industrial(KIT elementos de proteccion personal por persona: | B15: 0.0347 | C15: 0.0267 | D15: 0.0347 | E15: 0.0267
A16: SEGURIDAD SOCIAL
A17: Pensiones | B17: =E5*12%/E5 -> 0.12 | C17: =(E5*2)*12%/(E5*2) -> 0.12 | D17: =E5*12%/E5 -> 0.12 | E17: =(E5*2)*12%/(E5*2) -> 0.12
A18: Salud | B18: 0.085 | C18: 0.085 | D18: 0.085 | E18: 0.085
A19: Riesgos profesionales | B19: 0.0696 | C19: 0.0696 | D19: 0.0052 | E19: 0.0052
A20: OTROS APORTES
A21: I.C.B.F. | B21: 0.03 | C21: 0.03 | D21: 0.03 | E21: 0.03
A22: SENA | B22: 0.02 | C22: 0.02 | D22: 0.02 | E22: 0.02
A23: Caja de Compensacion | B23: 0.04 | C23: 0.04 | D23: 0.04 | E23: 0.04
A24: FIC | B24: 0.025 | C24: 0.025 | D24: 0.025 | E24: 0.025
A25: Subsidio de Transporte | B25: 0.1053 | C25: 0 | D25: 0.1172 | E25: 0
A26: Examenes medicos | B26: 0.02 | C26: 0.0121 | D26: 0.02 | E26: 0.0121
B27: =SUM(B10:B26) -> 0.76793333 | C27: =SUM(C10:C26) -> 0.64673333 | D27: =SUM(D10:D26) -> 0.71543333 | E27: =SUM(E10:E26) -> 0.58233333

Sheet CANTIDADES
A3: 1 | B3: =+PRESUPUESTO!B6 -> PRELIMINARES
B5: ÍTEM | F5: UN | G5: CANTIDAD
A6: =+PRESUPUESTO!A8 -> 1.1 | B6: =+PRESUPUESTO!B8 -> SUMINISTRO, TRANSPORTE E INSTALACIÓN CERRAMIENTO EN YUTE H= 2 M | F6: =+PRESUPUESTO!E8 -> ML | G6: =+SUM(D7:D8) -> 140
B7: Barrio Carlos Parra | C7: LARGO | D7: =40*2 -> 80
C8: ANCHO | D8: =30*2 -> 60
B11: ÍTEM | F11: UN | G11: CANTIDAD
A12: =+PRESUPUESTO!A9 -> 1.2 | B12: =+PRESUPUESTO!B9 -> ROCERIA Y LIMPIEZA | F12: =+PRESUPUESTO!E9 -> M2 | G12: =(D13*D14)+(D15*D16) -> 1800
B13: Barrio Departamental | C13: LARGO | D13: 30
C14: ANCHO | D14: 30
B15: Barrio Carlos Parra | C15: LARGO | D15: 30
C16: ANCHO | D16: 30
B19: ÍTEM | F19: UN | G19: CANTIDAD
A20: =+PRESUPUESTO!A10 -> 1.3 | B20: =+PRESUPUESTO!B10 -> DESCAPOTE Y NIVELACION MANUAL e=0.10 m | F20: =+PRESUPUESTO!E10 -> M2 | G20: =+C22+C24 -> 418
B21: Area Total Gimnasios | C21: =4*4 -> 16
C22: =+C21*16 -> 256
B23: Area Total Juegos | C23: =9*9 -> 81
C24: =+C23*2 -> 162
B27: ÍTEM | F27: UN | G27: CANTIDAD
A28: =+PRESUPUESTO!A11 -> 1.4 | B28: =+PRESUPUESTO!B11 -> EXCAVACION EN MATERIAL COMUN DE 0.0 A 0.50 M | F28: =+PRESUPUESTO!E11 -> M3 | G28: =+D32+D40 -> 15.813096
B30: Area Total Plataforma Gimnasios | D30: =(PI()*1^2)*16 -> 50.265482
B31: Espesor Excavacion | D31: 0.2
B32: Volumen Excavacion Gimnasios | D32: =+D30*D31 -> 10.053096
B35: Exacavacion Para Cimentacion Parques
B36: Largo | D36: 0.6
B37: Ancho | D37: 0.6
B38: Profundidad | D38: 0.4
B39: Total | D39: =+D36*D37*D38 -> 0.144
B40: Volumen Total a Excavar | D40: =+D39*(12*2+16) -> 5.76
A43: 2 | B43: =+PRESUPUESTO!B13 -> CIMENTACION EQUIPOS
B46: ÍTEM | F46: UN | G46: CANTIDAD
A47: =+PRESUPUESTO!A15 -> 2.1 | B47: =+PRESUPUESTO!B15 -> SUMINISTRO, TRANSPORTE E INSTALACION RELLENO EN AFIRMADO COMPACTADO | F47: =+PRESUPUESTO!E15 -> M3 | G47: =+D51 -> 7.5398224
B49: Area Total Plataforma Gimnasios | D49: =(PI()*1^2)*16 -> 50.265482
B50: Espesor Lleno | D50: 0.15
B51: Volumen Excavacion Gimnasios | D51: =+D49*D50 -> 7.5398224
B54: ÍTEM | F54: UN | G54: CANTIDAD
A55: =+PRESUPUESTO!A16 -> 2.2 | B55: =+PRESUPUESTO!B16 -> SUMINISTRO, TRANSPORTE E INSTALACION PLACA CONTRAPISO EN CONCRETO 3000 PSI E=0.10 M. | F55: =+PRESUPUESTO!E16 -> M2 | G55: =+D57 -> 50.265482
B57: Area Total Plataforma Gimnasios | D57: =(PI()*1^2)*16 -> 50.265482
B60: ÍTEM | F60: UN | G60: CANTIDAD
A61: =+PRESUPUESTO!A17 -> 2.3 | B61: =+PRESUPUESTO!B17 -> SUMINISTRO, TRANSPORTE E INSTALACION MALLA ELECTROSOLDADA M-221 Q-6 F 6.5mm c/.15m en ambos sentidos (Incluye alambre negro, colocación y traslapo). | F61: =+PRESUPUESTO!E17 -> M2 | G61: =+D63 -> 50.265482
B63: Area Total Plataforma Gimnasios | D63: =(PI()*1^2)*16 -> 50.265482
B66: ÍTEM | F66: UN | G66: CANTIDAD
A67: =+PRESUPUESTO!A18 -> 2.4 | B67: =+PRESUPUESTO!B18 -> SUMINISTRO, TRANSPORTE E INSTALACION PINTURA TIPO TRAFICO COLOR AMARILLO, AZUL, BLANCO, ROJO, VERDE O NEGRO (INCLUYE IMPRIMANTE) | F67: =+PRESUPUESTO!E18 -> M2 | G67: =+D69 -> 50.265482
B69: Area Total Plataforma Gimnasios | D69: =(PI()*1^2)*16 -> 50.265482
B72: ÍTEM | F72: UN | G72: CANTIDAD
A73: =+PRESUPUESTO!A19 -> 2.5 | B73: =+PRESUPUESTO!B19 -> SUMINISTRO, TRANSPORTE E INSTALACION SOLADO DE LIMPIEZA 2.000 PSI e = 7 cm | F73: =+PRESUPUESTO!E19 -> M2 | G73: =+D80 -> 0.6048
B75: Solado de Limpieza Para Cimentacion Parques
B76: Largo | D76: 0.6
B77: Ancho | D77: 0.6
B78: Altura | D78: 0.07
B79: Total | D79: =+D76*D77*D78 -> 0.0252
B80: Volumen Total Solado de Limpieza | D80: =+D79*(12*2) -> 0.6048
B83: ÍTEM | F83: UN | G83: CANTIDAD
A84: =+PRESUPUESTO!A20 -> 2.6 | B84: =+PRESUPUESTO!B20 -> SUMINISTRO, TRANSPORTE E INSTALACION DADOS EN CONCRETO REFORZADO 3000 PSI PARA ANCLAJE DE EQUIPOS | F84: =+PRESUPUESTO!E20 -> M3 | G84: =+D91 -> 5.76
B86: Dados Para Cimentacion de Equipos
B87: Largo | D87: 0.6
B88: Ancho | D88: 0.6
B89: Altura | D89: 0.4
B90: Total | D90: =+D87*D88*D89 -> 0.144
B91: Volumen Total Solado de Limpieza | D91: =+D90*(12*2+16) -> 5.76
